 Dungeon Crawl Stone Soup version 0.21-a0-496-g696f58f (webtiles) character file.

25 kae the Skirmisher (level 2, -7/27 HPs)
             Began as a Minotaur Fighter on Nov 23, 2017.
             Mangled by an ogre
             ... wielding a +0 giant spiked club
              (22 damage)
             ... on level 2 of the Dungeon.
             The game lasted 00:00:24 (528 turns).

kae the Skirmisher (Minotaur Fighter)                Turns: 528, Time: 00:00:24

Health: -7/27      AC:  7    Str: 20    XL:     2   Next: 86%
Magic:  1/1        EV:  7    Int:  5    God:
Gold:   25         SH:  9    Dex:  9    Spells: 1/1 levels left

rFire    . . .     SeeInvis .   a - +0 long sword
rCold    . . .     Gourm    .   c - +0 shield
rNeg     . . .     Faith    .   b - +0 scale mail
rPois    .         Spirit   .   (helmet restricted)
rElec    .         Reflect  .   (no cloak)
rCorr    .         Harm     .   (no gloves)
MR       .....                  (no boots)
Stlth    ..........             (no amulet)
HPRegen  0.09/turn              (no ring)
MPRegen  0.07/turn              (no ring)

@: no status effects
A: retaliatory headbutt, horns 2
a: no special abilities


You were on level 2 of the Dungeon.
You were not hungry.

You visited 1 branch of the dungeon, and saw 2 of its levels.

You collected 25 gold pieces.

Inventory:

Hand Weapons
 a - a +0 long sword (weapon)
Armour
 b - a +0 scale mail (worn)
 c - a +0 shield (worn)
Scrolls
 e - 3 scrolls of identify {unknown}
 g - a scroll of teleportation {unknown}
 j - a scroll of fog {unknown}
 k - a scroll of enchant weapon {unknown}
Potions
 d - a potion of might
 i - a potion of heal wounds {unknown}
Comestibles
 f - a bread ration
 h - 2 meat rations


   Skills:
 + Level 3.9 Fighting
 * Level 3.2 Long Blades
 + Level 3.9 Armour
 + Level 1.0 Dodging
 - Level 3.6 Shields


You had one spell level left.
You didn't know any spells.

Dungeon Overview and Level Annotations

Branches:
Dungeon (2/15)

Altars:


Innate Abilities, Weirdness & Mutations

You reflexively headbutt those who attack you in melee.
You have a pair of horns on your head.


Message History

There are monsters nearby!
There are monsters nearby!
You completely miss the ogre. You headbutt the ogre!
The ogre is moderately wounded.
You block the ogre's attack.
You barely miss the ogre. You headbutt the ogre!
The ogre is heavily wounded.
The hobgoblin hits you but does no damage.
The ogre hits you with a giant spiked club!
You are too injured to fight recklessly!
You are too injured to fight recklessly!
You are too injured to fight recklessly!
You are too injured to fight recklessly!
You are too injured to fight recklessly!
You are too injured to fight recklessly!
You are too injured to fight recklessly!
You are too injured to fight recklessly!
The ogre hits you with a giant spiked club!!
Ouch! That really hurt!
You die...

.# .# .# .#+#
..# #.# ##<##
..##..g########
.......O@.......
.#.##...########
.......##
....###.# # #
#.# #(# ..


You could see an ogre and a hobgoblin.

Vanquished Creatures
  A leopard gecko (D:1)
  2 giant cockroaches (D:1)
  4 goblins (D:1)
  5 hobgoblins (D:1)
  A ball python (D:1)
  A bat (D:1)
  4 frilled lizards (D:1)
  3 kobolds (D:1)
  3 rats (D:1)
24 creatures vanquished.

Notes
Turn   | Place    | Note
-------+----------+-------------------------------------------
     0 | D:1      | kae the Minotaur Fighter began the quest for the Orb.
     0 | D:1      | Reached XP level 1. HP: 19/19 MP: 0/0
    58 | D:1      | Reached XP level 2. HP: 24/27 MP: 1/1
   211 | D:1      | Reached skill level 1 in Dodging
   524 | D:2      | Noticed an ogre
   528 | D:2      | Mangled by an ogre

Vault maps used:
D:1:      scummos_arrival_forest
D:2:      first_bread, grunt_decor_mini_mirrors, nemelex_diamond_rough_becter,
          uniq_crazy_yiuf_cottage, uniq_sigmund

Skill      XL: |  1  2 |
---------------+-------+-----
Long Blades    | 3 |  3.2
Dodging        | 1 |  1.0
Fighting       | |  3.9
Armour         | |  3.9
Shields        | |  3.6

Action                   || total
-------------------------++-------
Melee: Long sword        ||    57
       Headbutt          ||     8
Armor: Scale mail        ||    26
Dodge: Dodged            ||    16
Block: Shield            ||    32
       Rpst.: Long sword ||     5

Table legend:
 A = Spawn XP
 B = Non-spawn XP
 C = Spawn XP percentage of total XP
 D = Spawn monster count
 E = Non-spawn monster count
 F = Spawn count percentage of total count
 G = Total turns spent on level
                    A         B        C        D         E        F      G
               +---------+---------+-------+---------+---------+-------+---------
         Total |       0 |      37 |   0.0 |       0 |      24 |   0.0 |   528
               +---------+---------+-------+---------+---------+-------+---------
           D:1 |       0 |      37 |   0.0 |       0 |      24 |   0.0 |   524
               +---------+---------+-------+---------+---------+-------+---------
